 Dungeon Crawl Stone Soup version 0.29.1-1-gd02db6906a (webtiles) character file.

Game seed: 13615172490508595383

217 tardwrangler69 the Grave Robber (level 5, -17/35 HPs)
             Began as a Mummy Necromancer on Oct 4, 2022.
             Was an Initiate of Ashenzari.
             Demolished by an ogre
             ... wielding a +0 giant club
              (28 damage)
             ... on level 4 of the Dungeon.
             The game lasted 00:08:12 (4424 turns).

tardwrangler69 the Grave Robber (Mummy Necromancer) Turns: 4424, Time: 00:08:12

Health: -17/35     AC:  4    Str: 11    XL:     5   Next: 62%
Magic:  1/12       EV: 12    Int: 17    God:    Ashenzari [......]
Gold:   142        SH:  0    Dex: 12    Spells: 10/14 levels left

rFire   x . .      SeeInvis .   d - +2 short sword (elec)
rCold   + . .      Faith    .   (no shield)
rNeg    + + +      Spirit   .   a - +0 robe
rPois   ∞          Reflect  .   (no helmet)
rElec   .          Harm     .   b - +0 cloak
rCorr   .          Rampage  .   (no gloves)
Will    .....                   g - +0 pair of boots
Stlth   +.........              (no amulet)
HPRegen 0.11/turn               (no ring)
MPRegen 0.13/turn               (no ring)

@: silenced
A: cold resistance 1, negative energy resistance 3, torment resistance 2, heat
vulnerability 1, in touch with death 1, no potions
a: Renounce Religion


You were on level 4 of the Dungeon.
You worshipped Ashenzari.
Ashenzari was noncommittal.
You visited 2 branches of the dungeon, and saw 5 of its levels.

You collected 142 gold pieces.

Inventory:

Hand Weapons
 d - a +2 short sword of electrocution (weapon)
Armour
 a - a +0 robe (worn)
 b - a +0 cloak (worn)
 g - a +0 pair of boots (worn)
Scrolls
 c - a scroll of magic mapping
 e - a scroll of butterflies
 f - a scroll of immolation
 i - a scroll of brand weapon {unknown}
 j - 2 scrolls of teleportation {unknown}
 k - a scroll of poison {unknown}
 l - a scroll of fear {unknown}


   Skills:
 - Level 1.5 Dodging
 - Level 1.5 Stealth
 + Level 5.4 Spellcasting
 + Level 5.7 Necromancy


You had 10 spell levels left.
You knew the following spells:

 Your Spells              Type           Power      Damage    Failure   Level
a - Necrotise             Necr           100%       1d9       1%          1
b - Vampiric Draining     Necr           36%        2d8       4%          3

Your spell library contained the following spells:

 Spells                   Type           Power      Damage    Failure   Level
 Animate Dead             Necr           36%        N/A       13%         4
 Magic Dart               Conj           16%        1d3       14%         1
 Call Imp                 Summ           4%         N/A       21%         2
 Ensorcelled Hibernation  Hex/Ice        8%         N/A       21%         2
 Passwall                 Tmut/Erth      3%         N/A       21%         2
 Agony                    Necr           36%        N/A       36%         5
 Mephitic Cloud           Conj/Pois/Air  4%         N/A       38%         3
 Swiftness                Air            4%         N/A       38%         3


Dungeon Overview and Level Annotations

Branches:
Dungeon (4/15)             Temple (1/1) D:4

Altars:
Ashenzari
Cheibriados
Dithmenos
Fedhas
Gozag
Kikubaaqudgha
Makhleb
Nemelex Xobeh
Okawaru
Qazlal
Sif Muna
Trog
Uskayaw
Vehumet
Wu Jian
Xom
Yredelemnul

Annotations:
D:4 Menkaure, Natasha, Sigmund


Innate Abilities, Weirdness & Mutations

You are immune to poison.
Your flesh is cold resistant. (rC+)
You are immune to negative energy. (rN+++)
You are immune to unholy pain and torment.
You are vulnerable to heat. (rF-)
You are in touch with the powers of death.
You do not drink.


Message History

You miss something.
You hear some strange, mumbled words.
Something tries to affect you, but you resist.
Casting: Necrotise (safe; 1% risk of failure)
Confirm with . or Enter, or press ? or * to list all spells.
Aiming: Vampiric Draining (dangerous; 4% risk of failure)
Press: ? - help, Shift-Dir - straight line, f - ogre
Aim: an ogre, wielding a +0 giant club You feel a surge of power!
You draw life force from the ogre!
You feel life coursing into your body. Something hits you.
The ogre barely misses you.
Casting: Vampiric Draining (dangerous; 4% risk of failure)
Confirm with . or Enter, or press ? or * to list all spells.
You don't have enough magic to cast this spell.
Unknown command.
You barely miss something. Something hits you.
Unknown command.
Casting: Vampiric Draining (dangerous; 4% risk of failure)
Confirm with . or Enter, or press ? or * to list all spells.
Aiming: Necrotise (safe; 1% risk of failure)
Press: ? - help, Shift-Dir - straight line, f/p - ogre
Aim: an ogre, wielding a +0 giant club (moderately wounded, chance to affect: 83%)
You feel a surge of power!
The ogre writhes in agony.
The ogre barely misses you.
Unknown command.
Press: ? - help, v - describe, . - travel The floor.
Unknown command.
Unknown command.
As you read the scroll labelled GIKHLYOS ORPHO, it crumbles to dust.
You feel aware of your surroundings.
It was a scroll of magic mapping.
Something hits you! The ogre barely misses you.
As you read the scroll labelled YBLAMI FUILIGH, it crumbles to dust.
You hear the tinkle of a tiny bell.
It was a scroll of butterflies.
Something hits you.
As you read the scroll labelled BYANOH ADUJ, it crumbles to dust.
A profound silence engulfs you.
It was a scroll of silence.
The ogre hits you with a +0 giant club!!
Ouch! That really hurt!
You die...

..?..K..............#***###***,,,
...##..o............,,,,..# *,*#
...##...............****#.# *,,.
...##.......<.......* #.# ***.
#.####.............#* #.# ##)
#)## ##.>.........## #.#####.)
#..## ######.#.#### #.##....#
##..### #..#b##### ###.#.)#...
##...# #.##bO@.b# ##...#.#....
#.#o#####.######b###..##..#....
#.#.K.##..# #.........##.###
##.........# ###..!######.# *
#..##o..#..## ##..........# *
#.#..#.#....# ##.....####### *
#.#....#..#.# #......#### #
#..#....##..## *#...##....# #
#.....>......###....#####.# #


You could see an ogre (ally target).

Vanquished Creatures
  An ogre (D:4)
  5 adders
  A worm (D:4)
  A dart slug (D:1)
  7 orcs
  4 bats
  5 endoplasms
  A giant cockroach (D:2)
  9 goblins
  9 hobgoblins
  4 quokkas
  5 ball pythons
  A frilled lizard (D:3)
  13 kobolds
  4 rats
70 creatures vanquished.

Vanquished Creatures (collateral kills)
  An orc (D:3)
  A ball python (D:1)
2 creatures vanquished.

Grand Total: 72 creatures vanquished

Notes
Turn   | Place    | Note
-------+----------+-------------------------------------------
     0 | D:1      | tardwrangler69 the Mummy Necromancer began the quest for
                  | the Orb.
     0 | D:1      | Reached XP level 1. HP: 13/13 MP: 4/4
   479 | D:1      | Reached XP level 2. HP: 17/19 MP: 1/6
  1161 | D:1      | Gained mutation: You are in touch with the powers of death.
                  | [Mummy growth]
  1161 | D:1      | Reached XP level 3. HP: 21/24 MP: 2/8
  1749 | D:2      | Found a faded altar of an unknown god.
  2381 | D:3      | Reached XP level 4. HP: 30/30 MP: 6/10
  2518 | D:3      | Reached skill level 5 in Necromancy
  3440 | D:4      | Noticed Natasha
  3440 | D:4      | Noticed Menkaure
  3698 | D:4      | Found a staircase to the Ecumenical Temple.
  3710 | Temple   | Entered the Ecumenical Temple
  3899 | Temple   | Became a worshipper of Ashenzari the Shackled
  3973 | D:4      | Noticed an ogre
  4077 | D:4      | Noticed an ogre
  4086 | D:4      | Killed an ogre
  4087 | D:4      | Reached skill level 5 in Spellcasting
  4087 | D:4      | Reached XP level 5. HP: 10/35 MP: 3/12
  4345 | D:4      | Learned a level 3 spell: Vampiric Draining
  4373 | D:4      | Noticed Sigmund
  4424 | D:4      | Demolished by an ogre

Illustrated notes

Levels and vault maps discovered:
D:1:      lemuel_arrival_behind_the_door_large, layout_basic,
          grunt_decor_one_mirror
D:2:      layout_basic, hellmonk_ecumenical_altar_blasted,
          minmay_misc_feat_enclosed, minmay_tromino_i2
D:3:      layout_basic
D:4:      layout_rooms, minmay_temple_entry_mini_moons, minmay_unequal,
          uniq_natasha, uniq_menkaure, uniq_sigmund
Temple:   nicolae_temple_bog_church

Skill      XL: |  1  2  3  4 |
---------------+-------------+-----
Spellcasting   | 3 4 5 |  5.4
Necromancy     | 5 |  5.7
Dodging        | |  1.5
Stealth        | |  1.5

Action                   |  1- 3 |  4- 6 || total
-------------------------+-------+-------++-------
Melee: Unarmed           |     5 |       ||     5
       Rapier            |     5 |       ||     5
       Short sword       |       |     5 ||     5
 Cast: Necrotise         |    81 |    64 ||   145
       Vampiric Draining |       |     2 ||     2
  Use: Scroll            |       |     3 ||     3
Armor: Robe              |     8 |     9 ||    17
Dodge: Dodged            |    21 |    21 ||    42
